TOP OF THE 1ST |
Fresno Grizzlies batting - Pitching for Salt Lake Bees : LHP Brennan Duncan
|
Pitching: LHP Brennan Duncan
|
|
Batting: RHB Chang-wei Jiang
|
0-0: Called Strike 0-1: Ground out 6-3 (Groundball, 6, EV 103.1 MPH)
|
Batting: LHB Mike Davis
|
0-0: Called Strike 0-1: SOLO HOME RUN (Line Drive, 89XD, EV 107.5 MPH), Distance : 401 ft
|
Batting: RHB Trevor Mock
|
0-0: Called Strike 0-1: Foul Ball, location: 2F 0-2: Ball 1-2: Fly out, F9 (Flyball, 89M, EV 88.8 MPH)
|
Batting: RHB Dave Glenn
|
0-0: Called Strike 0-1: Foul Ball, location: 2F 0-2: Ball 1-2: Reached via error on a dropped throw from 3B, E3 (Groundball, 56S, EV 82.5 MPH)
|
Batting: LHB Chris Redding
|
0-0: Ball 1-0: Foul Ball, location: 2F 1-1: Swinging Strike 1-2: Ball Dave Glenn steals 2nd base 2-2: Foul Ball, location: 2F 2-2: Foul Ball, location: 2F 2-2: Ball 3-2: Foul Ball, location: 2F 3-2: SINGLE (Groundball, 4MD, EV 107.5 MPH) Dave Glenn to third Runner from 3rd tries for Home, throw by CF and OUT! 8-2
|
Top of the 1st over - 1 run, 2 hits, 1 error, 1 left on base; Fresno 1 - Salt Lake 0 |
BOTTOM OF THE 1ST |
Salt Lake Bees batting - Pitching for Fresno Grizzlies : RHP Gerardo Huerta
|
Pitching: RHP Gerardo Huerta
|
|
Batting: RHB Reginald McDougall
|
0-0: Called Strike 0-1: Ball 1-1: Reached on error, E6 (Groundball, 6M, EV 84.4 MPH)
|
Batting: RHB Justin Lauderdale
|
0-0: Swinging Strike 0-1: Ball 1-1: Ball 2-1: Swinging Strike 2-2: Foul Ball, location: 2F 2-2: Strikes out looking Reginald McDougall steals 2nd base (no throw) Batter strikes out.
|
Batting: RHB Andres Mendiola
|
0-0: Ball 1-0: Ball 2-0: Ball Wild Pitch! Reginald McDougall to third 3-0: Base on Balls
|
Batting: LHB Vinny Carreno
|
0-0: Ball 1-0: Fielders Choice at 2nd, 4-6 (Groundball, 4, EV 76.3 MPH) Reginald McDougall scores
|
Batting: RHB Guillermo Mojica
|
0-0: Ball 1-0: Ball 2-0: Swinging Strike 2-1: Called Strike 2-2: Strikes out looking
|
Bottom of the 1st over - 1 run, 0 hits, 1 error, 1 left on base; Fresno 1 - Salt Lake 1 |
TOP OF THE 2ND |
Fresno Grizzlies batting - Pitching for Salt Lake Bees : LHP Brennan Duncan
|
Batting: RHB Tom Carico
|
0-0: Ball 1-0: Fly out, F7 (Line Drive, 7, EV 104.4 MPH)
|
Batting: LHB Anthony Howie
|
0-0: Swinging Strike 0-1: Ball 1-1: Called Strike 1-2: Strikes out looking
|
Batting: LHB Alex Alicea
|
0-0: Foul Ball, location: 2F 0-1: Ball 1-1: Ground out 4-3 (Groundball, 4, EV 90.6 MPH)
|
Top of the 2nd over - 0 runs, 0 hits, 0 errors, 0 left on base; Fresno 1 - Salt Lake 1 |
BOTTOM OF THE 2ND |
Salt Lake Bees batting - Pitching for Fresno Grizzlies : RHP Gerardo Huerta
|
Batting: RHB Cesar Ortega
|
0-0: Ground out 5-3 (Groundball, 56, EV 90.0 MPH)
|
Batting: SHB Brendan Bundy
|
0-0: Ball 1-0: Ball 2-0: Foul Ball, location: 2F 2-1: Fly out, F8 (Flyball, 8RS, EV 90.6 MPH)
|
Batting: RHB Ryan Marler
|
0-0: Swinging Strike 0-1: Called Strike 0-2: Foul Ball, location: 2F 0-2: Foul Ball, location: 2F 0-2: Foul Ball, location: 2F 0-2: Ball 1-2: Ball 2-2: Ball 3-2: Ground out 6-3 (Groundball, 6, EV 84.4 MPH)
|
Bottom of the 2nd over - 0 runs, 0 hits, 0 errors, 0 left on base; Fresno 1 - Salt Lake 1 |
TOP OF THE 3RD |
Fresno Grizzlies batting - Pitching for Salt Lake Bees : LHP Brennan Duncan
|
Batting: RHB Joe Berkhahn
|
0-0: Ball 1-0: Swinging Strike 1-1: Ball 2-1: Fly out, F7 (Flyball, 7D, EV 94.4 MPH)
|
Batting: RHB Chang-wei Jiang
|
0-0: SINGLE (Groundball, 56D, EV 103.8 MPH)
|
Batting: LHB Mike Davis
|
0-0: Ball 1-0: Called Strike 1-1: Called Strike 1-2: Strikes out swinging
|
Batting: RHB Trevor Mock
|
0-0: Ball 1-0: Called Strike 1-1: Ball 2-1: Ball 3-1: Called Strike 3-2: Ground out 5-3 (Groundball, 5, EV 104.4 MPH)
|
Top of the 3rd over - 0 runs, 1 hit, 0 errors, 1 left on base; Fresno 1 - Salt Lake 1 |
BOTTOM OF THE 3RD |
Salt Lake Bees batting - Pitching for Fresno Grizzlies : RHP Gerardo Huerta
|
Batting: SHB Ivan Barry
|
0-0: Called Strike 0-1: Ball 1-1: Called Strike 1-2: Ball 2-2: Ball 3-2: Ground out U3 (Groundball, 3L, EV 84.4 MPH)
|
Batting: RHB Reginald McDougall
|
0-0: Called Strike 0-1: Foul Ball, location: 2F 0-2: Ball 1-2: Ball 2-2: Ball 3-2: Fly out, F8 (Flyball, 78M, EV 82.5 MPH)
|
Batting: RHB Justin Lauderdale
|
0-0: Called Strike 0-1: Ball 1-1: Foul Ball, location: 2F 1-2: Ball 2-2: Foul Ball, location: 2F 2-2: Strikes out swinging
|
Bottom of the 3rd over - 0 runs, 0 hits, 0 errors, 0 left on base; Fresno 1 - Salt Lake 1 |
TOP OF THE 4TH |
Fresno Grizzlies batting - Pitching for Salt Lake Bees : LHP Brennan Duncan
|
Batting: RHB Dave Glenn
|
0-0: Called Strike 0-1: Called Strike 0-2: Strikes out swinging
|
Batting: LHB Chris Redding
|
0-0: Foul Ball, location: 2F 0-1: Fly out, F7 (Flyball, 7LM, EV 88.8 MPH)
|
Batting: RHB Tom Carico
|
0-0: Ball 1-0: Hit by Pitch
|
Batting: LHB Anthony Howie
|
0-0: Ball 1-0: Ball 2-0: Fly out, F7 (Flyball, 78S, EV 80.0 MPH)
|
Top of the 4th over - 0 runs, 0 hits, 0 errors, 1 left on base; Fresno 1 - Salt Lake 1 |
BOTTOM OF THE 4TH |
Salt Lake Bees batting - Pitching for Fresno Grizzlies : RHP Gerardo Huerta
|
Batting: RHB Andres Mendiola
|
0-0: Foul Ball, location: 2F 0-1: Foul Ball, location: 2F 0-2: Foul Ball, location: 2F 0-2: Ball 1-2: Ball 2-2: Ball 3-2: Ground out 5-3 (Groundball, 56S, EV 91.9 MPH)
|
Batting: LHB Vinny Carreno
|
0-0: Ball 1-0: Foul Ball, location: 2F 1-1: Ball 2-1: Ball 3-1: Base on Balls
|
Batting: RHB Guillermo Mojica
|
0-0: Called Strike 0-1: Foul Ball, location: 2F 0-2: Strikes out looking
|
Batting: RHB Cesar Ortega
|
0-0: Called Strike 0-1: Foul Ball, location: 2F 0-2: Fielders Choice at 2nd, 6-4 (Groundball, 6, EV 107.5 MPH)
|
Bottom of the 4th over - 0 runs, 0 hits, 0 errors, 1 left on base; Fresno 1 - Salt Lake 1 |
TOP OF THE 5TH |
Fresno Grizzlies batting - Pitching for Salt Lake Bees : LHP Brennan Duncan
|
Batting: LHB Alex Alicea
|
0-0: Ball 1-0: Ball 2-0: Ball 3-0: Called Strike 3-1: Foul Ball, location: 2F 3-2: Base on Balls
|
Batting: RHB Joe Berkhahn
|
0-0: Ball 1-0: 2-RUN HOME RUN (Flyball, 7D, EV 98.1 MPH), Distance : 392 ft
|
Batting: RHB Chang-wei Jiang
|
0-0: Ball 1-0: Swinging Strike 1-1: Ball 2-1: Ball 3-1: Called Strike 3-2: SINGLE (Line Drive, 7S, EV 105.0 MPH)
|
Pitching: LHP Pete Zamarron
|
|
Batting: LHB Mike Davis
|
0-0: Grounds into double play, 5-4-3 (Groundball, 56S, EV 87.5 MPH)
|
Batting: RHB Trevor Mock
|
0-0: Swinging Strike 0-1: Ball 1-1: Foul Ball, location: 2F 1-2: Ball 2-2: Ground out 4-3 (Groundball, 4, EV 108.1 MPH)
|
Top of the 5th over - 2 runs, 2 hits, 0 errors, 0 left on base; Fresno 3 - Salt Lake 1 |
BOTTOM OF THE 5TH |
Salt Lake Bees batting - Pitching for Fresno Grizzlies : RHP Gerardo Huerta
|
Batting: SHB Brendan Bundy
|
0-0: Foul Ball, location: 2F 0-1: Ball 1-1: Ball 2-1: Ball 3-1: Base on Balls
|
Batting: RHB Ryan Marler
|
0-0: Ball 1-0: Swinging Strike 1-1: Swinging Strike 1-2: Ball 2-2: Strikes out swinging
|
Batting: SHB Ivan Barry
|
0-0: Ball Brendan Bundy is caught stealing 2nd base 2-6 1-0: Called Strike 1-1: Ball 2-1: Foul Ball, location: 2F 2-2: Strikes out swinging
|
Bottom of the 5th over - 0 runs, 0 hits, 0 errors, 0 left on base; Fresno 3 - Salt Lake 1 |
TOP OF THE 6TH |
Fresno Grizzlies batting - Pitching for Salt Lake Bees : LHP Pete Zamarron
|
Batting: RHB Dave Glenn
|
0-0: Called Strike 0-1: Ball 1-1: Reached on error, E1 (Groundball, 15S, EV 68.1 MPH)
|
Batting: LHB Chris Redding
|
0-0: Ball 1-0: Swinging Strike 1-1: Ground out U3 (Groundball, 3, EV 86.9 MPH) Dave Glenn to third
|
Batting: RHB Tom Carico
|
0-0: Ball 1-0: Ball 2-0: Ball 3-0: Called Strike 3-1: Base on Balls
|
Batting: LHB Anthony Howie
|
0-0: Ball 1-0: Called Strike 1-1: DOUBLE (Line Drive, 7LS, EV 93.8 MPH) Dave Glenn scores Tom Carico to third Runner from 3rd tries for Home, SAFE, throw by LF to trailing runner, SAFE at third!
|
Batting: LHB Alex Alicea
|
0-0: Ball 1-0: SINGLE (Groundball, 5, EV 108.1 MPH) Anthony Howie scores
|
Batting: RHB Joe Berkhahn
|
0-0: Called Strike 0-1: Reached on error, E6 (Groundball, 6, EV 106.9 MPH) Alex Alicea to second
|
Batting: RHB Chang-wei Jiang
|
0-0: Ball 1-0: Swinging Strike 1-1: Ball 2-1: Called Strike 2-2: Strikes out swinging
|
Batting: LHB Mike Davis
|
0-0: Ball 1-0: Fly out, F9 (Flyball, 89D, EV 108.8 MPH)
|
Top of the 6th over - 3 runs, 2 hits, 2 errors, 2 left on base; Fresno 6 - Salt Lake 1 |
BOTTOM OF THE 6TH |
Salt Lake Bees batting - Pitching for Fresno Grizzlies : RHP Gerardo Huerta
|
Batting: RHB Reginald McDougall
|
0-0: Called Strike 0-1: Ground out 4-3 (Groundball, 4M, EV 101.3 MPH)
|
Batting: RHB Justin Lauderdale
|
0-0: Foul Ball, location: 2F 0-1: Foul Ball, location: 2F 0-2: Ball 1-2: Ball 2-2: Ball 3-2: Strikes out looking
|
Batting: RHB Andres Mendiola
|
0-0: Ball 1-0: Called Strike 1-1: Fly out, F6 (Popup, 6M, EV 66.3 MPH)
|
Bottom of the 6th over - 0 runs, 0 hits, 0 errors, 0 left on base; Fresno 6 - Salt Lake 1 |
TOP OF THE 7TH |
Fresno Grizzlies batting - Pitching for Salt Lake Bees : LHP Pete Zamarron
|
Batting: RHB Trevor Mock
|
0-0: Swinging Strike 0-1: Foul Ball, location: 2F 0-2: Ball 1-2: Ball 2-2: Foul Ball, location: 2F 2-2: Foul Ball, location: 2F 2-2: Strikes out looking
|
Pitching: LHP Nick Yarbrough
|
|
Batting: RHB Dave Glenn
|
0-0: Called Strike 0-1: Foul Ball, location: 2F 0-2: Strikes out swinging
|
Batting: LHB Chris Redding
|
0-0: Foul Ball, location: 2F 0-1: SINGLE (Flyball, 4D, EV 85.6 MPH)
|
Batting: RHB Tom Carico
|
0-0: Ball 1-0: Called Strike 1-1: 2-RUN HOME RUN (Flyball, 78XD, EV 101.3 MPH), Distance : 417 ft
|
Batting: LHB Anthony Howie
|
0-0: Ball 1-0: Called Strike 1-1: Called Strike 1-2: Strikes out looking
|
Top of the 7th over - 2 runs, 2 hits, 0 errors, 0 left on base; Fresno 8 - Salt Lake 1 |
BOTTOM OF THE 7TH |
Salt Lake Bees batting - Pitching for Fresno Grizzlies : RHP Gerardo Huerta
|
Pitching: LHP Mike Cobb
|
|
Batting: LHB Vinny Carreno
|
0-0: Foul Ball, location: 2F 0-1: Called Strike 0-2: Strikes out swinging, 2-3 out at first.
|
Batting: RHB Guillermo Mojica
|
0-0: Called Strike 0-1: Swinging Strike 0-2: Foul Ball, location: 2F 0-2: Foul Ball, location: 2F 0-2: Ball 1-2: Strikes out swinging
|
Batting: RHB Cesar Ortega
|
0-0: Swinging Strike 0-1: Foul Ball, location: 2F 0-2: Ball 1-2: Ball 2-2: Foul Ball, location: 2F 2-2: Strikes out swinging
|
Bottom of the 7th over - 0 runs, 0 hits, 0 errors, 0 left on base; Fresno 8 - Salt Lake 1 |
TOP OF THE 8TH |
Fresno Grizzlies batting - Pitching for Salt Lake Bees : LHP Nick Yarbrough
|
Batting: LHB Alex Alicea
|
0-0: Ball 1-0: Called Strike 1-1: Fly out, F1 (Popup, P, EV 80.6 MPH)
|
Batting: RHB Joe Berkhahn
|
0-0: Ball 1-0: Ball 2-0: Ball 3-0: Called Strike 3-1: Base on Balls
|
Batting: RHB Chang-wei Jiang
|
0-0: Grounds into double play, 5-4-3 (Groundball, 56, EV 100.6 MPH)
|
Top of the 8th over - 0 runs, 0 hits, 0 errors, 0 left on base; Fresno 8 - Salt Lake 1 |
BOTTOM OF THE 8TH |
Salt Lake Bees batting - Pitching for Fresno Grizzlies : LHP Mike Cobb
|
Batting: SHB Brendan Bundy
|
0-0: Ball 1-0: Foul Ball, location: 2F 1-1: Fly out, F8 (Line Drive, 8LM, EV 90.0 MPH)
|
Batting: RHB Ryan Marler
|
0-0: Ball 1-0: Ball 2-0: Ball 3-0: Base on Balls
|
Batting: SHB Ivan Barry
|
0-0: SINGLE (Groundball, 56S, EV 67.5 MPH) (infield hit) Ryan Marler to second
|
Batting: RHB Reginald McDougall
|
0-0: SINGLE (Line Drive, 56, EV 99.4 MPH) Ryan Marler to third Ivan Barry to second
|
Batting: RHB Justin Lauderdale
|
0-0: Foul Ball, location: 2F 0-1: SINGLE (Groundball, 6MD, EV 94.4 MPH) Ryan Marler scores Ivan Barry to third Reginald McDougall to second Throwing error, E8 Ivan Barry scores Reginald McDougall to third Justin Lauderdale to second
|
Batting: RHB Andres Mendiola
|
0-0: Called Strike 0-1: Ball 1-1: Ball 2-1: DOUBLE (Line Drive, 9D, EV 95.6 MPH) Reginald McDougall scores Justin Lauderdale scores
|
Pitching: RHP Jose Guajardo
|
|
Batting: LHB Vinny Carreno
|
0-0: SINGLE (Groundball, 34D, EV 102.5 MPH) Andres Mendiola to third Throwing error, E9 Andres Mendiola scores Vinny Carreno to second
|
Batting: RHB Guillermo Mojica
|
0-0: Ball 1-0: Ball 2-0: Swinging Strike 2-1: Ball 3-1: Foul Ball, location: 2F 3-2: DOUBLE (Line Drive, 9LM, EV 102.5 MPH) Vinny Carreno scores
|
Batting: RHB Cesar Ortega
|
0-0: Foul Ball, location: 2F 0-1: Ball 1-1: Swinging Strike 1-2: Ball 2-2: Ground out 6-3 (Groundball, P, EV 85.6 MPH) Guillermo Mojica to third
|
Batting: SHB Brendan Bundy
|
0-0: Called Strike 0-1: Swinging Strike 0-2: Ball 1-2: Strikes out swinging
|
Bottom of the 8th over - 6 runs, 6 hits, 2 errors, 1 left on base; Fresno 8 - Salt Lake 7 |
TOP OF THE 9TH |
Fresno Grizzlies batting - Pitching for Salt Lake Bees : LHP Nick Yarbrough
|
Pitching: RHP Kirk Thacker
|
|
Batting: LHB Mike Davis
|
0-0: Ball 1-0: SINGLE (Groundball, 6S, EV 63.8 MPH) (infield hit)
|
Batting: RHB Trevor Mock
|
0-0: Called Strike 0-1: Swinging Strike 0-2: Ball 1-2: Foul Ball, location: 2F 1-2: Strikes out swinging
|
Batting: RHB Dave Glenn
|
0-0: Ball 1-0: Ball 2-0: Called Strike 2-1: Ball 3-1: Fly out, F7 (Flyball, 78M, EV 87.5 MPH)
|
Batting: LHB Chris Redding
|
0-0: Called Strike 0-1: Swinging Strike 0-2: DOUBLE (Flyball, 8RXD, EV 100.6 MPH) Mike Davis to third
|
Batting: RHB Tom Carico
|
0-0: Foul Ball, location: 2F 0-1: Ball 1-1: Swinging Strike 1-2: Ball 2-2: SINGLE (Line Drive, 9S, EV 95.6 MPH) Mike Davis scores Chris Redding to third Runner from 3rd tries for Home, SAFE, throw by RF to home
|
Batting: LHB Anthony Howie
|
0-0: DOUBLE (Flyball, 78XD, EV 101.3 MPH) Tom Carico to third
|
Batting: LHB Alex Alicea
|
0-0: Swinging Strike 0-1: DOUBLE (Groundball, 3L, EV 103.8 MPH) Tom Carico scores Anthony Howie scores
|
Pitching: RHP Jake Bruen
|
|
Batting: RHB Joe Berkhahn
|
0-0: SINGLE (Groundball, 56D, EV 98.1 MPH) Alex Alicea to third Runner from 3rd tries for Home, SAFE, throw by LF to home
|
Batting: RHB Chang-wei Jiang
|
0-0: Ball 1-0: Called Strike 1-1: Ball 2-1: Foul Ball, location: 2F 2-2: SINGLE (Line Drive, 56, EV 105.6 MPH) Joe Berkhahn to second
|
Batting: LHB Mike Davis
|
0-0: Foul Ball, location: 2F 0-1: Ball 1-1: Ball 2-1: Foul Ball, location: 2F 2-2: Strikes out looking
|
Top of the 9th over - 5 runs, 7 hits, 0 errors, 2 left on base; Fresno 13 - Salt Lake 7 |
BOTTOM OF THE 9TH |
Salt Lake Bees batting - Pitching for Fresno Grizzlies : RHP Jose Guajardo
|
Batting: RHB Ryan Marler
|
0-0: Called Strike 0-1: Called Strike 0-2: Ground out 6-3 (Groundball, 6, EV 89.4 MPH)
|
Batting: SHB Ivan Barry
|
0-0: Ball 1-0: Called Strike 1-1: Ball 2-1: Ball 3-1: Fly out, F1 (Popup, P, EV 86.9 MPH)
|
Batting: RHB Reginald McDougall
|
0-0: Called Strike 0-1: Ball 1-1: Foul Ball, location: 2F 1-2: Foul Ball, location: 2F 1-2: Foul Ball, location: 2F 1-2: Ball 2-2: Ground out 4-3 (Groundball, 4D, EV 101.9 MPH)
|
Bottom of the 9th over - 0 runs, 0 hits, 0 errors, 0 left on base; Fresno 13 - Salt Lake 7 |
|